 Dungeon Crawl Stone Soup version 0.20.0-15-g7f486f2 (webtiles) character file.

286 zhorgal the Cutter (level 6, -12/32 HPs)
             Began as a Vine Stalker Fighter on June 15, 2017.
             Mangled by an ogre
             ... wielding a +0 giant club
              (14 damage)
             ... on level 4 of the Dungeon.
             The game lasted 00:09:37 (3137 turns).

zhorgal the Cutter (Vine Stalker Fighter)           Turns: 3137, Time: 00:09:38

Health: -12/32     AC:  8    Str: 26    XL:     6   Next: 30%
Magic:  0/7        EV:  8    Int:  8    God:
Gold:   19         SH: 10    Dex: 13    Spells: 5/5 levels left

rFire    . . .     SeeInvis .   a - +0 rapier
rCold    . . .     Gourm    .   c - +0 shield
rNeg     . . .     Faith    .   z - +0 swamp dragon scales
rPois    +         Spirit   +   (no helmet)
rElec    .         Reflect  .   A - +0 cloak
rCorr    .         Harm     .   (no gloves)
MR       .....                  (no boots)
Stlth    +.........             (no amulet)
Regen    0.5/turn               (no ring)
MPRegen  0.1/turn               (no ring)

@: mighty
A: fangs 2, regeneration 1, magic shield, antimagic bite, no potion heal 3, rot
immunity
a: no special abilities


You were on level 4 of the Dungeon.
You were not hungry.

You visited 1 branch of the dungeon, and saw 4 of its levels.

You collected 209 gold pieces.
You spent 190 gold pieces at shops.

Inventory:

Hand Weapons
 a - a +0 rapier (weapon)
Missiles
 E - a throwing net (quivered) {!f}
Armour
 c - a +0 shield (worn)
 y - a +3 ring mail
 z - +0 swamp dragon scales (worn)
 A - a +0 cloak (worn)
Jewellery
 k - a +4 amulet of reflection {unknown}
 x - an uncursed ring of stealth {unknown}
Scrolls
 g - 3 scrolls of teleportation {unknown}
 h - 2 scrolls of remove curse {unknown}
 j - 10 scrolls of identify
 l - a scroll of amnesia {unknown}
 m - a scroll of noise {unknown}
 v - a scroll of fear {unknown}
 B - a scroll of immolation {unknown}
 C - a scroll of recharging {unknown}
 F - a scroll of enchant armour
 G - a scroll of enchant weapon
Potions
 b - a potion of haste {unknown}
 e - a potion of magic {unknown}
 i - 2 potions of heal wounds {unknown}
 o - a potion of resistance {unknown}
 p - 2 potions of degeneration {unknown}
 r - a potion of flight {unknown}
 s - a potion of curing {unknown}
 u - a potion of mutation {unknown}
 w - 2 potions of agility {unknown}
 D - a potion of brilliance {unknown}
Comestibles
 f - 2 bread rations
 n - 2 royal jellies
 q - a meat ration


   Skills:
 + Level 3.4 Fighting
 * Level 5.0 Short Blades
 - Level 2.4 Armour
 + Level 3.4 Shields


You had 5 spell levels left.
You didn't know any spells.

Dungeon Overview and Level Annotations

Branches:
Dungeon (4/15)
 Temple: D:4-7

Altars:
Okawaru
Zin
The Shining One

Shops:
D:4 *:


Innate Abilities, Weirdness & Mutations

You have extremely sharp teeth.
Your natural rate of healing is unusually fast.
When hurt, damage is shared between your health and your magic reserves.
Your bite disrupts and absorbs the magic of your enemies.
Potions cannot restore your health.
You are immune to rotting.


Message History

The orc wizard hits you but does no damage.
You block the ogre's attack.
You hit the ogre but do no damage. You bite the ogre, but do no damage.
You block the orc wizard's attack.
You hit the ogre but do no damage. Your bite misses the ogre.
You block the orc wizard's attack. The ogre hits you with a giant club!
The orc wizard casts a cantrip, but nothing happens.
The orc priest calls down the wrath of Beogh upon you.
Beogh smites you!
* * * LOW HITPOINT WARNING * * *
You hit the ogre. Your bite misses the ogre.
The ogre is lightly wounded.
The orc wizard hits you but does no damage.
You block the ogre's attack.
Okay, then.
You feel very mighty all of a sudden. You block the orc wizard's attack.
The orc wizard casts a cantrip, but nothing happens.
The ogre hits you with a giant club!
You die...

#...........#
##...#####... ##..## #.
#...# #.# #...# #.#
#...# #.# ###.## +#.#+
#####
##...#####...#####......
.......)...⌠.ooo@O......
.....#####..o#####......
....## +#.#'.o.# .....
....# #.#..o8.# ....
....# #.#.._o.# ...
#...# #.#.8.8.# ..
#...## ##.##...### #
.....#####...#####.#
.....#.............#


You could see an ogre, an orc priest, an orc wizard and 2 orcs.

Vanquished Creatures
  A scorpion (D:4)
  A hound (D:4)
  A gnoll shaman (D:4)
  A worker ant (D:4)
  3 gnolls
  A howler monkey skeleton (D:4)
  3 adders
  2 worms (D:2)
  6 leopard geckos
  6 orcs
  A ball python (D:3)
  5 bats
  3 giant cockroaches
  10 hobgoblins
  2 jackals (D:3)
  9 kobolds
  3 quokkas
  3 frilled lizards
  5 goblins
  6 rats
72 creatures vanquished.

Notes
Turn   | Place    | Note
-------+----------+-------------------------------------------
     0 | D:1      | zhorgal the Vine Stalker Fighter began the quest for the Orb.
     0 | D:1      | Reached XP level 1. HP: 11/11 MP: 2/2
    13 | D:1      | Reached skill level 2 in Short Blades
   162 | D:1      | Reached XP level 2. HP: 14/16 MP: 3/3
   549 | D:1      | Reached skill level 3 in Short Blades
   828 | D:2      | Reached XP level 3. HP: 19/19 MP: 4/4
   928 | D:2      | Found an iron altar of Okawaru.
  1589 | D:2      | Gained mutation: Your natural rate of healing is unusually fast. [Vine Stalker growth]
  1589 | D:2      | Reached XP level 4. HP: 23/23 MP: 5/5
  2020 | D:3      | Reached skill level 4 in Short Blades
  2476 | D:3      | Found a glowing silver altar of Zin.
  2565 | D:4      | Reached XP level 5. HP: 20/28 MP: 6/6
  2620 | D:4      | Found Analott's Book Shoppe.
  2774 | D:4      | Reached XP level 6. HP: 32/32 MP: 7/7
  2862 | D:4      | Found Anen's General Store.
  2865 | D:4      | Bought a scroll of identify for 20 gold pieces
  2865 | D:4      | Bought a scroll of enchant armour for 75 gold pieces
  2865 | D:4      | Bought a scroll of enchant weapon for 75 gold pieces
  2865 | D:4      | Bought a scroll of identify for 20 gold pieces
  2971 | D:4      | Reached skill level 5 in Short Blades
  3127 | D:4      | Found a glowing golden altar of the Shining One.
  3135 | D:4      | HP: 1/32 [orc priest/divine providence (11)]
  3137 | D:4      | Mangled by an ogre

Skill      XL: |  1  2  3  4  5  6 |
---------------+-------------------+-----
Short Blades   | 2 3 4 5 |  5.0
Fighting       | 3 |  3.4
Shields        | 3 |  3.4
Armour         | |  2.4

Action                   |  1- 3 |  4- 6 || total
-------------------------+-------+-------++-------
Melee: Rapier            |   105 |   133 ||   238
       Bite              |    20 |    27 ||    47
  Use: Potion            |       |     1 ||     1
  Eat: Chunk             |     2 |     5 ||     7
Armor: Scale mail        |    46 |     2 ||    48
       Swamp dragon scal |       |    48 ||    48
Dodge: Dodged            |    35 |    35 ||    70
Block: Shield            |    51 |    56 ||   107
